 Dungeon Crawl Stone Soup version 0.28-a0-622-gbaef9634d7 (webtiles) character file.

Game seed: 6273461175337938855

4417 KristoblXynda the Carver (level 10, -2/90 HPs)
             Began as a Grey Draconian Gladiator on Oct 6, 2021.
             Was a Believer of Yredelemnul.
             Slain by a killer bee (3 damage)
             ... on level 9 of the Dungeon.
             The game lasted 00:13:48 (10491 turns).

KristoblXynda the Carver (DrGl)                    Turns: 10491, Time: 00:13:49

Health: -2/90      AC: 14    Str: 19    XL:     10   Next: 14%
Magic:  11/11      EV: 14    Int: 10    God:    Yredelemnul [**....]
Gold:   486        SH:  0    Dex: 12    Spells: 9/9 levels left

rFire   . . .      SeeInvis .   a - +0 long sword
rCold   + . .      Faith    .   (no shield)
rNeg    . . .      Spirit   .   (armour unavailable)
rPois   +          Reflect  .   C - +2 hat {Stlth+}
rElec   .          Harm     .   (no cloak)
rCorr   .          Rampage  .   (no gloves)
Will    .....                   (no boots)
Stlth   ++........              (no amulet)
HPRegen 0.25/turn               o - ring of poison resistance
MPRegen 0.12/turn               d - ring of protection from cold

@: no status effects
A: AC +12, amphibious, unfitting armour, cold-blooded
a: Renounce Religion, Animate Remains, Recall Undead Slaves, Injury Mirror


You were on level 9 of the Dungeon.
You worshipped Yredelemnul.
Yredelemnul was pleased with you.
You visited 2 branches of the dungeon, and saw 10 of its levels.
You also visited: Sewer and Bailey.

You collected 558 gold pieces.
You spent 72 gold pieces at shops.

Inventory:

Hand Weapons
 a - a +0 long sword (weapon)
Missiles
 c - 2 throwing nets (quivered)
Armour
 C - a +2 hat of stealth (worn)
Jewellery
 d - a ring of protection from cold (right hand)
 o - a ring of poison resistance (left hand)
 r - a ring of fire
 D - a +6 ring of intelligence
Scrolls
 h - a scroll of blinking {unknown}
 k - a scroll of torment {unknown}
 m - a scroll of immolation {unknown}
 q - a scroll of amnesia {unknown}
 t - a scroll of enchant armour {unknown}
 y - 2 scrolls of fog {unknown}
Potions
 e - a potion of flight {unknown}
 f - 4 potions of haste
 g - a potion of berserk rage {unknown}
 i - a potion of might
 j - 2 potions of attraction
 l - a potion of brilliance {unknown}
 n - 3 potions of curing
 p - a potion of invisibility {unknown}
 s - a potion of resistance {unknown}
 v - 2 potions of mutation {unknown}
 w - a potion of ambrosia {unknown}
 x - a potion of magic {unknown}
 z - a potion of lignification


   Skills:
 + Level 8.4 Fighting
 + Level 10.7 Long Blades
 - Level 2.0 Throwing
 + Level 7.3 Dodging
 - Level 1.7 Invocations
 + Level 0.0 Evocations


You had 9 spell levels left.
You didn't know any spells.
Your spell library contained the following spells:

 Spells                   Type           Power      Damage    Failure   Level
 Magic Dart               Conj           0%         1d3       36%         1
 Call Imp                 Summ           0%         N/A       50%         2
 Ensorcelled Hibernation  Hex/Ice        0%         N/A       50%         2
 Searing Ray              Conj           0%         2d4       50%         2
 Mephitic Cloud           Conj/Pois/Air  0%         N/A       75%         3
 Ozocubu's Armour         Ice            0%         N/A       75%         3
 Spider Form              Tmut/Pois      0%         N/A       75%         3
 Airstrike                Air            0%         N/A       98%         4
 Fulminant Prism          Conj/Hex       0%         3d6       98%         4
 Summon Lightning Spire   Summ/Air       0%         N/A       98%         4
 Lightning Bolt           Conj/Air       0%         1d11      100%        5
 Ozocubu's Refrigeration  Ice            0%         4d5       100%        7


Dungeon Overview and Level Annotations

Branches:
Dungeon (9/15)             Temple (1/1) D:4             Orc (0/2) D:9
  Sewer (visited)          Bailey (visited)
   Lair: D:8-11

Altars:
Ashenzari
Cheibriados
Dithmenos
Elyvilon
Fedhas
Gozag
Hepliaklqana
Kikubaaqudgha
Makhleb
Nemelex Xobeh
Okawaru
Qazlal
Sif Muna
Trog
Uskayaw
Vehumet
Wu Jian
Xom
Yredelemnul
Zin
The Shining One

Shops:
D:3 !

Annotations:
D:6 3 runed translucent doors, Antediluvian's ghost, amateur FoMo; Palle's ghost, novice TrFi
D:8 6 runed translucent doors


Innate Abilities, Weirdness & Mutations

Your dull iron-grey scales are very hard. (AC +12)
You are amphibious.
You cannot fit into any form of body armour.
You are cold-blooded and may be slowed by cold attacks.


Message History

The orc wizard hits you but does no damage.
The orc warrior closely misses you.
You closely miss the orc wizard.
Your tail-slap misses the orc wizard.
The orc wizard is severely wounded.
The orc wizard barely misses you. The two-headed ogre misses you.
The two-headed ogre hits you with a +0 giant club!!
You slash the orc wizard!
You kill the orc wizard!
Yredelemnul accepts your kill. The orc warrior closely misses you.
Things that are here:
a +0 dagger; a +0 robe
Aiming: Mindburst
Press: ? - help, Shift-Dir - straight line, f - two-headed ogre
Aim: a two-headed ogre, wielding two +0 giant clubs (chance to affect: 48%)
The two-headed ogre's minds are blasted!
The now-empty wand crumbles to dust.
You hit the two-headed ogre but do no damage.
The two-headed ogre is moderately wounded.
The two-headed ogre hits you with a +0 giant club.
The two-headed ogre hits you with a +0 giant club!
* * * LOW HITPOINT WARNING * * *
A killer bee comes into view.
The killer bee buzzes angrily.
You slash the two-headed ogre! You tail-slap the two-headed ogre.
The two-headed ogre is severely wounded.
A centaur comes into view.
The two-headed ogre hits you with a +0 giant club.
* * * LOW HITPOINT WARNING * * *
The two-headed ogre hits you with a +0 giant club!
* * * LOW HITPOINT WARNING * * *
Unknown command.
Found a stone staircase leading up.
The killer bee stings you but does no damage. x2
The centaur wields a +0 shortbow.
The centaur shoots an arrow.
The arrow hits you!
* * * LOW HITPOINT WARNING * * *
The killer bee stings you.
You die...
Your body rises from the dead as a mindless zombie.

#..†.....# #........#
##........### ##+## ..
............. ##...##...
..............#.....#<..
..)...........#.......
..............+.....#
..............#....##
..............#.@y..#
..............#....##
..............#..O..#
..............####)##
.....#######.....ooc#
.....# #.....>.##
.....#.....#.......?#
#......
.....#.....#...........
......
.....#.....#........#...
#.....


You could see a two-headed ogre, a centaur, a killer bee and an orc wizard.

Vanquished Creatures
  A jumping spider (D:8)
  2 redbacks (D:8)
  Sigmund (D:6)
  A wyvern (D:9)
  2 steam dragons (D:8)
  Purgy (Sewer)
  4 orc warriors
  A sky beast (D:7)
  2 ogres
  3 black bears (D:5)
  6 centaurs
  A phantom (D:5)
  3 kobold brigands
  Blork the orc (D:6)
  A bullfrog (D:8)
  2 scorpions
  A water moccasin zombie (D:6)
  4 killer bees (D:9)
  5 wights (D:8)
  A bullfrog zombie (D:6)
  A centaur zombie (D:9)
  A jelly (D:6)
  2 orc priests
  3 hounds
  2 bullfrog skeletons (D:5)
  A gnoll shaman (D:5)
  3 iguanas
  7 orc wizards
  9 adders
  A river rat (D:6)
  6 gnolls
  A shadow imp (D:7)
  2 white imps
  An ufetubus (D:4)
  An adder skeleton (D:2)
  5 worms
  2 dart slugs
  17 orcs
  6 endoplasms
  7 giant cockroaches
  13 goblins
  5 hobgoblins
  2 jackals (D:5)
  5 quokkas
  7 ball pythons
  5 bats
  21 kobolds
  10 rats
189 creatures vanquished.

Vanquished Creatures (others)
  An orc (D:8)
  3 kobolds (D:8)
  53 fungi (D:4)
  2 plants (D:8)
  5 withered plants (D:6)
64 creatures vanquished.

Grand Total: 253 creatures vanquished

Notes
Turn   | Place    | Note
-------+----------+-------------------------------------------
     0 | D:1      | KristoblXynda the Draconian Gladiator began the quest for
                  | the Orb.
     0 | D:1      | Reached XP level 1. HP: 17/17 MP: 1/1
   391 | D:1      | Reached XP level 2. HP: 25/25 MP: 2/2
   915 | D:2      | Reached XP level 3. HP: 30/30 MP: 3/3
  1576 | D:3      | Reached skill level 4 in Long Blades
  1576 | D:3      | Reached XP level 4. HP: 28/38 MP: 4/4
  2000 | D:3      | Found Baluonwi's Distillery.
  2374 | D:3      | Found a faded altar of an unknown god.
  2706 | D:3      | Bought 2 potions of curing for 72 gold pieces
  2840 | D:3      | Reached XP level 5. HP: 35/45 MP: 5/5
  2918 | D:4      | Found a staircase to the Ecumenical Temple.
  3025 | Temple   | Entered the Ecumenical Temple
  3126 | Temple   | Became a worshipper of Yredelemnul the Dark
  3562 | D:4      | Found an ornate altar of the Wu Jian Council.
  3583 | D:4      | Found a shimmering altar of Xom.
  3710 | D:4      | Reached skill level 5 in Long Blades
  3868 | D:5      | Entered Level 5 of the Dungeon
  3868 | D:5      | Noticed a black bear
  3868 | D:5      | Noticed a black bear
  3868 | D:5      | Noticed an ogre
  3868 | D:5      | Found a bloodstained altar of Trog.
  3926 | D:5      | Noticed a phantom
  3928 | D:5      | Found an ancient bone altar of Kikubaaqudgha.
  3938 | D:5      | Killed a phantom
  3939 | D:5      | Reached XP level 6. HP: 45/52 MP: 6/6
  4264 | D:5      | Found a glowing golden altar of the Shining One.
  4281 | D:5      | Reached skill level 6 in Long Blades
  4281 | D:5      | Your scales start taking on a dull iron-grey colour.
  4281 | D:5      | Reached XP level 7. HP: 39/60 MP: 7/7
  4314 | D:5      | Reached skill level 5 in Fighting
  4561 | D:5      | Reached * piety under Yredelemnul
  5007 | D:5      | Reached skill level 7 in Long Blades
  5160 | D:5      | Reached skill level 5 in Dodging
  5160 | D:5      | Reached XP level 8. HP: 50/69 MP: 8/8
  5719 | D:6      | Found a glowing drain.
  5728 | Sewer    | Entered a sewer
  5777 | Sewer    | Noticed Purgy
  5785 | Sewer    | Killed Purgy
  6084 | D:6      | Found an iron altar of Okawaru.
  6113 | D:6      | Found a broken altar of Ashenzari.
  6115 | D:6      | Found a hazy altar of Hepliaklqana.
  6115 | D:6      | Found a shimmering blue altar of Sif Muna.
  6228 | D:6      | Noticed Sigmund
  6253 | D:6      | Killed Sigmund
  6254 | D:6      | Reached skill level 8 in Long Blades
  6602 | D:6      | Found a runed translucent gate.
  6602 | D:6      | Found a runed translucent gate.
  6602 | D:6      | Found a runed translucent gate.
  6607 | D:6      | Noticed Antediluvian's ghost (amateur FoMo)
  6607 | D:6      | Noticed Palle's ghost (novice TrFi)
  6697 | D:6      | Noticed Blork the orc
  6701 | D:6      | Killed Blork the orc
  7307 | D:7      | Found a hide-covered altar of Uskayaw.
  7528 | D:8      | Reached XP level 9. HP: 73/78 MP: 9/9
  7570 | D:8      | Reached skill level 9 in Long Blades
  7637 | D:8      | Reached ** piety under Yredelemnul
  8151 | D:8      | Found a shadowy altar of Dithmenos.
  8387 | D:8      | Found a runed translucent door.
  8417 | D:8      | Reached skill level 10 in Long Blades
  8420 | D:8      | Found a runed translucent gate.
  8434 | D:8      | Found a runed translucent gate.
  8435 | D:8      | Found a runed translucent gate.
  8435 | D:8      | Found a runed translucent gate.
  8435 | D:8      | Found a runed translucent gate.
  8435 | D:8      | Noticed a boulder beetle
  8435 | D:8      | Noticed a lindwurm
  8436 | D:8      | Found a runed translucent gate.
  8436 | D:8      | Noticed a boulder beetle
  8437 | D:8      | Noticed a jumping spider
  8453 | D:8      | Killed a jumping spider
  8859 | D:9      | Found an opulent altar of Gozag.
  8917 | D:9      | Found a staircase to the Orcish Mines.
  9142 | D:9      | Noticed a two-headed ogre
  9273 | D:9      | Found a flagged portal.
  9284 | Bailey   | Entered a bailey
  9828 | D:9      | Reached XP level 10. HP: 61/88 MP: 10/10
 10021 | D:9      | Reached skill level 1 in Invocations
 10476 | D:9      | Noticed a two-headed ogre
 10491 | D:9      | HP: 1/90 [centaur/arrow (9)]
 10491 | D:9      | Slain by a killer bee

Illustrated notes

Levels and vault maps discovered:
D:1:      onia_arrival_pyramid, layout_basic
D:2:      layout_loops_cross, st_stairs_3
D:3:      layout_rooms, serial_shops, nicolae_diamond_shop,
          ebering_ecumenical_altar_rust
D:4:      layout_rooms, mainiacjoe_overflow_catch_the_wave, temple_fountains
D:5:      layout_rooms, trog_ov_bears_minmay,
          mainiacjoe_overflow_small_starburst, nicolae_overflow_crystal_walls,
          chequers_serial_rivers_micro_a, hangedman_decor_points
D:6:      layout_basic, grunt_temple_overflow_open, lightli_sewer_entry_pipes,
          gammafunk_ghost_cemetery, uniq_blork_the_orc, uniq_sigmund
D:7:      layout_cave_pools, overflow_temple_1_default,
          chequers_serial_rivers_micro_d
D:8:      gammafunk_indiana_jones, layout_rooms, lemuel_coloured_pillars_altar
D:9:      layout_gridville, old_standard_altar, orc_0_dummy, enter_bailey_5,
          onia_ninara_cookie
Temple:   dpeg_three_leaves_temple

Skill      XL: |  1  2  3  4  5  6  7  8  9 10 |
---------------+-------------------------------+-----
Throwing       | 2 |  2.0
Dodging        | 3 4 5 6 7 |  7.3
Fighting       | 3 4 5 6 8 |  8.4
Long Blades    | 4 5 6 7 8 10 | 10.7
Invocations    | 1 |  1.7

Action                   |  1- 3 |  4- 6 |  7- 9 | 10-12 || total
-------------------------+-------+-------+-------+-------++-------
Melee: Long sword        |    92 |   144 |   409 |    59 ||   704
       Tailslap          |     8 |    19 |    68 |    11 ||   106
Throw: Throwing net      |       |     1 |       |       ||     1
Evoke: Wand              |       |       |    16 |     3 ||    19
  Use: Scroll            |       |     2 |    10 |       ||    12
       Potion            |       |       |     4 |       ||     4
 Stab: Sleeping          |     3 |       |     3 |       ||     6
       Held in net/web   |       |     1 |       |       ||     1
       Confused          |       |       |     1 |       ||     1
Armor: Skin              |    23 |    35 |   228 |    34 ||   320
Dodge: Dodged            |    57 |    99 |   344 |    63 ||   563

Table legend: (Time is in decaauts)
 A = Elapsed time spent in this place.
 B = Non-inter-level travel time spent in this place.
 C = Inter-level travel time spent in this place.
 D = Time resting spent in this place.
 E = Time spent auto-exploring this place.
 F = Levels seen in this place.
 G = Mean time per level.
                   A        B        C        D        E       F      G
               +--------+--------+--------+--------+--------+-----+--------+
         Total |  10521 |  10241 |    280 |   3634 |   4765 |  12 |  876.8 |
       Dungeon |   9941 |   9672 |    269 |   3345 |   4603 |   9 | 1104.6 |
        Temple |    113 |    102 |     11 |      0 |     56 |   1 |  113.0 |
         Sewer |    206 |    206 |      0 |     50 |    106 |   1 |  206.0 |
        Bailey |    260 |    260 |      0 |    239 |      0 |   1 |  260.0 |
               +--------+--------+--------+--------+--------+-----+--------+

Top non-repeatable levels by time:
     D:5: 1716 daAuts
     D:8: 1516 daAuts
     D:9: 1175 daAuts
     D:3: 1077 daAuts
     D:6: 1060 daAuts
     D:2: 977 daAuts
     D:1: 896 daAuts
     D:4: 889 daAuts
     D:7: 631 daAuts
  Bailey: 260 daAuts
   Sewer: 206 daAuts
  Temple: 113 daAuts
